AoeStats
← Pantsus

Arena

509264570Analyzed
4v4 RM · 7d ago on Sep 26, 2026· 40m 34s· 8 players
Game mode
Random Map
Map size
Large (8 player)
Population
200
Speed
Normal
Resources
Standard
Victory
Conquest
Starting age
Dark Age
Ending age
Imperial Age
RankedLock teamsTeams togetherTeam positionsShared explorationLock speedFull tech treeHidden civsTurbo modeCheats
Victory
Defeat
🇦🇷 Armenians · Argentina
1109
+12
🇨🇳 Danes · China
1019
+16
🇮🇳 Bohemians · India
1007
+16
🇺🇸 Cumans · United States
989
+18
🇨🇱 Cumans · Chile
1065
-17
🇨🇱 Franks · Chile
1007
-15
🇦🇷 Mongols · Argentina
1000
-15
🇦🇷 Bohemians · Argentina
999
-15
Fran Miami
11:05 Feudal Age
19:31 Double-Bit Axe
31:24 Castle Age
29:10 Loom
29:50 Gold Mining
31:06 Scale Mail Armor
31:06 Horse Collar
31:29 Capped Ram
33:10 Heavy Plow
dnyddg
11:53 Feudal Age
15:30 Castle Age
13:34 Double-Bit Axe
13:38 Horse Collar
16:24 Heavy Plow
16:37 Bow Saw
24:41 Wheelbarrow
27:13 Gold Mining
28:31 Forging
28:21 Scale Mail Armor
28:12 Fletching
31:44 Iron Casting
31:24 Chain Mail Armor
32:52 Squires
32:38 Arson
32:39 Gambesons
35:31 Imperial Age
33:18 Hand Cart
35:51 Elite Jomsviking
36:53 Conscription
36:35 Hamask
40:05 Blast Furnace
39:36 Plate Mail Armor
39:50 Gold Shaft Mining
39:05 Stone Mining
40:07 Northmen's Fury
Lala Land
3:50 Loom
10:51 Feudal Age
15:34 Castle Age
13:51 Double-Bit Axe
13:49 Horse Collar
17:55 Scale Mail Armor
19:04 Chemistry
25:50 Wheelbarrow
25:26 Bow Saw
26:07 Forging
29:45 Fervor
30:34 Hand Cart
34:19 Imperial Age
32:20 Chain Mail Armor
34:41 Fortified Wall
34:42 Masonry
37:51 Plate Mail Armor
38:28 Iron Casting
37:16 Pikeman
37:56 Squires
40:29 Two-Man Saw
39:30 Heavy Plow
39:07 Halberdier
40:49 Blast Furnace
40:34 Conscription
40:20 Hussite Reforms
ChristianVas
10:49 Feudal Age
11:10 Man-at-Arms
11:13 Pikeman
12:02 Long Swordsman
14:01 Scale Mail Armor
14:11 Forging
15:39 Horse Collar
21:47 Double-Bit Axe
26:45 Castle Age
26:07 Wheelbarrow
26:31 Forging
26:50 Halberdier
27:42 Squires
27:05 Two-Handed Swordsman
27:34 Gambesons
28:17 Chain Mail Armor
28:37 Iron Casting
31:11 Heavy Plow
31:25 Bow Saw
Rosetin
10:28 Feudal Age
14:19 Castle Age
12:11 Double-Bit Axe
12:09 Horse Collar
24:12 Loom
40:35 Wheelbarrow
egt
11:19 Feudal Age
16:08 Castle Age
14:28 Double-Bit Axe
15:00 Horse Collar
21:55 Bow Saw
22:34 Wheelbarrow
22:52 Town Watch
26:00 Heavy Plow
26:33 Hand Cart
31:46 Imperial Age
29:03 Loom
31:16 Fletching
34:26 Chemistry
33:47 Bodkin Arrow
Pantsus
5:20 Loom
9:19 Feudal Age
10:11 Double-Bit Axe
11:20 Horse Collar
13:10 Wheelbarrow
22:02 Castle Age
22:24 Forging
22:20 Scale Barding Armor
27:17 Bloodlines
29:42 Heavy Plow
29:56 Bow Saw
30:27 Scale Barding Armor
30:57 Iron Casting
32:24 Chain Barding Armor
33:11 Light Cavalry
35:03 Gold Mining
35:03 Stone Mining
Augus
9:57 Feudal Age
15:15 Castle Age
14:56 Double-Bit Axe
15:09 Gold Mining
15:11 Stone Mining
17:41 Bow Saw
20:39 Squires
20:44 Scale Mail Armor
22:18 Chain Mail Armor
28:15 Coinage
30:50 Wheelbarrow
34:05 Imperial Age
33:15 Scale Barding Armor
34:58 Husbandry
35:03 Cavalier
36:26 Conscription
36:57 Chain Barding Armor
37:28 Paladin
39:32 Plate Barding Armor
39:16 Fletching
Connection lost

Rejoining the realm…

Still unreachable

The connection could not be restored.

Session expired

The server has moved on; the page needs a fresh start.